Map: Acropolis LE

Players

llllllllllll (Stats) - Winner!

  • Race: Protoss Protoss
  • League: Master
  • Spawn Location: 11:00

TSGSolar (Solar)

  • Race: Zerg Zerg
  • League: Diamond
  • Spawn Location: 5:00

Event: 2019 Assembly Summer

VOD

Have the link to the VOD?

Description

Time

  • Played on: Aug. 3, 2019, 1:23 p.m.
  • Length: 10:05

All games in this series

Show
View Real Time Build Order
Export as new Build Order

llllllllllll Protoss - Winner!

Build Orders: 1 Gate Expand, Oracle Opening, Phoenix Opening 

Get SALT Encoding   

  12  0:00  Probe  
  13  0:12  Probe  
  14  0:20  Pylon  
  14  0:25  Probe  
  15  0:28  Assimilator  
  15  0:35  Probe  
  16  0:43  Probe  
  16  0:45  Gateway  
  17  0:52  Probe  
  18  1:04  Probe  
  19  1:16  Probe  
  20  1:23  Nexus  
  20  1:32  Cybernetics Core  
  20  1:35  Probe  
  20  1:39  Assimilator  
  21  1:47  Probe  
  22  1:54  Pylon  
  22  1:59  Probe  
  23  2:02  Adept  
  23  2:12  Probe  
  23  2:14  Stargate  
  26  2:18  Warp Gate  
  26  2:24  Probe  
  27  2:31  Probe  
  27  2:32  Adept, Probe  
  31  2:39  Probe  
  31  2:40  Probe  
  32  2:49  Probe  
  32  2:50  Probe  
  33  2:54  Phoenix  
  37  3:01  Probe  
  37  3:03  Probe  
  39  3:07  Pylon  
  39  3:11  Oracle  
  39  3:14  Probe  
  39  3:15  Probe  
  39  3:18  Gateway  
  44  3:26  Probe, Assimilator  
  45  3:27  Probe  
  45  3:28  Assimilator  
  46  3:38  Probe  
  46  3:39  Probe  
  46  3:40  Oracle  
  48  3:42  Pylon  
  51  3:50  Probe  
  51  3:51  Probe  
  53  3:56  Robotics Facility  
  53  4:00  Pylon  
  53  4:05  Probe x2  
  53  4:07  Adept  
  57  4:12  Oracle  
  57  4:17  Probe x2  
  62  4:24  Adept  
  62  4:26  Pylon  
  64  4:32  Sentry  
  64  4:35  Immortal, Pylon  
  66  4:39  Pylon  
  70  4:46  Sentry  
  72  4:58  Sentry  
  74  5:06  Gateway  
  72  5:08  Gateway  
  72  5:10  Observer  
  72  5:11  Gateway, Nexus  
  72  5:13  Gateway  
  70  5:14  Sentry  
  73  5:22  Probe  
  73  5:23  Probe  
  73  5:26  Warp Prism  
  72  5:42  Sentry x2  
  76  5:46  Probe x2  
  76  5:48  Pylon x2  
  78  5:58  Probe  
  78  5:59  Probe  
  78  6:01  Pylon  
  80  6:05  Adept  
  80  6:06  Stalker x4  
  80  6:07  Stalker  
  92  6:23  Probe  
  92  6:24  Probe x2  
  95  6:28  Forge  
  95  6:30  Zealot x2  
  95  6:31  Twilight Council  
  96  6:35  Zealot, Probe  
  96  6:36  Probe x2  
  99  6:40  Zealot x2  
  99  6:42  Zealot  
  101  6:50  Zealot x2  
  101  6:53  Probe x3  
  101  6:54  Shield Battery  
  108  7:03  Zealot x4  
  116  7:11  Adept x2  
  116  7:17  Probe x2  
  116  7:18  Probe  
  117  7:25  Stalker x4  
  115  7:34  Immortal  
  103  7:38  Stalker x2  
  103  7:39  Protoss Ground Weapons Level 1  
  105  7:44  Charge  
  105  7:49  Zealot x3  
  105  7:51  Zealot  
  90  7:59  Probe  
  90  8:00  Probe x2  
  90  8:05  Warp Prism  
  89  8:11  Templar Archives  
  89  8:13  Gateway, Phoenix  
  89  8:15  Gateway  
  88  8:20  Zealot x5  
  88  8:21  Zealot  
  88  8:24  Assimilator  
  88  8:25  Assimilator  
  88  8:26  Photon Cannon  
  88  8:27  Photon Cannon  
  100  8:33  Phoenix  
  100  8:37  Pylon  
  100  8:39  Pylon  
  100  8:40  Immortal  
  106  8:48  High Templar x2  
  106  8:49  High Templar x2  
  106  8:50  Zealot x2  
  106  8:52  Phoenix  
  106  8:53  Archon x2  
  117  9:05  Shield Battery  
  116  9:13  Phoenix  
  116  9:15  Zealot x3  
  122  9:19  Pylon  
  124  9:25  Zealot x5  
  124  9:31  Phoenix  
  132  9:43  Stalker x3  
  139  9:45  Stalker  
Show
View Real Time Build Order
Export as new Build Order

TSGSolar Zerg 

Build Orders: Hatch First 

Get SALT Encoding   

  12  0:01  Drone  
  13  0:12  Overlord  
  13  0:17  Drone  
  14  0:31  Drone x2  
  16  0:47  Hatchery  
  15  0:51  Drone  
  15  0:54  Drone  
  17  0:58  Drone  
  18  1:09  Extractor  
  17  1:13  Spawning Pool  
  17  1:15  Drone  
  17  1:20  Drone  
  18  1:30  Drone  
  19  1:40  Drone  
  20  1:48  Hatchery  
  20  1:50  Drone  
  20  1:59  Queen  
  22  2:05  Drone  
  23  2:09  Drone  
  23  2:13  Metabolic Boost  
  25  2:15  Zergling x2  
  25  2:20  Overlord  
  25  2:28  Queen  
  27  2:31  Drone  
  28  2:40  Zergling x4  
  28  2:42  Drone  
  31  2:46  Queen  
  31  2:50  Drone  
  34  2:51  Drone  
  34  2:56  Drone  
  36  3:02  Spore Crawler  
  36  3:03  Queen  
  38  3:05  Overlord  
  38  3:10  Drone  
  38  3:11  Drone  
  40  3:13  Drone  
  40  3:14  Drone  
  42  3:21  Overlord  
  42  3:24  Queen  
  42  3:27  Drone  
  45  3:29  Drone  
  45  3:31  Drone  
  47  3:35  Drone x3  
  47  3:38  Overlord  
  50  3:42  Spore Crawler  
  50  3:45  Spore Crawler, Drone  
  50  3:48  Drone  
  50  3:54  Overlord  
  50  3:59  Drone, Zergling x4  
  50  4:00  Drone x3  
  56  4:03  Drone  
  56  4:06  Drone  
  56  4:08  Overlord  
  58  4:13  Zergling x4  
  56  4:17  Drone x2  
  56  4:18  Drone x4  
  56  4:20  Drone  
  56  4:21  Drone  
  64  4:27  Spore Crawler  
  64  4:28  Drone  
  64  4:32  Drone x2  
  64  4:35  Zergling x4  
  68  4:38  Extractor  
  68  4:39  Extractor  
  68  4:40  Drone x3, Roach Warren  
  68  4:42  Overlord  
  68  4:47  Lair  
  68  4:51  Drone  
  68  4:52  Drone x3  
  71  4:55  Drone x2  
  71  4:57  Overlord  
  73  5:01  Zergling x6  
  73  5:05  Drone x2  
  74  5:07  Drone x2  
  74  5:13  Drone  
  76  5:14  Overlord  
  76  5:15  Drone, Extractor  
  76  5:16  Drone, Extractor  
  76  5:21  Drone x2  
  78  5:24  Overlord  
  78  5:31  Zergling x8  
  78  5:34  Drone  
  78  5:35  Drone  
  77  5:36  Drone  
  74  5:43  Zergling x12  
  74  5:46  Drone  
  74  5:47  Drone  
  82  5:50  Overseer  
  82  5:54  Drone  
  82  5:55  Glial Reconstitution, Extractor  
  82  6:00  Drone  
  82  6:01  Roach x2  
  82  6:02  Roach x2, Spire  
  88  6:08  Roach  
  88  6:09  Overlord  
  88  6:11  Zergling x2  
  91  6:13  Overseer  
  91  6:16  Overlord  
  91  6:22  Zergling x2  
  91  6:23  Zergling x2  
  93  6:29  Zergling x12  
  98  6:33  Zergling x2  
  98  6:34  Zergling x2  
  98  6:41  Roach x4  
  98  6:45  Roach  
  98  6:48  Queen x2  
  98  6:49  Roach  
  102  6:56  Roach x2, Ravager  
  102  6:59  Roach x2  
  111  7:03  Roach  
  111  7:05  Queen  
  110  7:08  Roach x2  
  110  7:09  Ravager  
  110  7:10  Ravager x2  
  110  7:11  Ravager  
  112  7:16  Overlord  
  112  7:18  Overlord  
  112  7:21  Roach  
  112  7:22  Zergling x2  
  111  7:23  Zergling x2  
  111  7:27  Zergling x4  
  111  7:28  Zergling x4  
  109  7:35  Zergling x6  
  88  7:45  Zergling x6  
  88  7:49  Extractor  
  85  7:53  Roach x2  
  77  8:06  Mutalisk x6  
  77  8:07  Mutalisk  
  77  8:08  Mutalisk  
  93  8:14  Mutalisk  
  92  8:24  Mutalisk  
  94  8:27  Drone x3  
  94  8:28  Drone  
  98  8:34  Mutalisk  
  98  8:36  Drone x2  
  102  8:42  Overlord  
  102  8:43  Overlord  
  102  8:45  Overlord x2  
  100  8:49  Mutalisk  
  100  8:51  Drone  
  103  8:57  Drone  
  103  9:00  Mutalisk x2  
  104  9:04  Mutalisk  
  104  9:06  Zergling x2  
  104  9:07  Zergling x2  
  104  9:09  Drone  
  109  9:14  Mutalisk  
  109  9:19  Mutalisk  
  109  9:21  Zergling x8  
  109  9:24  Drone  
  115  9:26  Mutalisk  
  115  9:30  Mutalisk  
  119  9:36  Zergling x8  
  118  9:39  Zergling x4  
  118  9:40  Zergling x2  
Tags
 
Add a new tag
Caveats
  • Supply blocks, unpowered buildings, or Contaminate may cause inaccurate times.
  • Supply counts are checked every 10 seconds.